 Dungeon Crawl Stone Soup version 0.29.1-1-gd02db6906a (console) character file.

Game seed: 4479963481511829140

91 om the Magician (level 4, 0/46 HPs)
             Began as a Djinni Hedge Wizard on Oct 20, 2022.
             Slain by Terence
             ... wielding a +0 trident
              (3 damage)
             ... on level 2 of the Dungeon.
             The game lasted 00:05:25 (3252 turns).

om the Magician (Djinni Hedge Wizard)               Turns: 3252, Time: 00:05:26

Health: 0/46       AC: 22    Str:  9    XL:     4   Next: 88%
Gold:   46         EV:  2    Int: 15    God:
                   SH:  0    Dex: 15

rFire   . . .      SeeInvis .   d - +6 club
rCold   . . .      Faith    .   (no shield)
rNeg    . . .      Spirit   .   (body armour currently unavailable)
rPois   ∞          Reflect  .   (helmet currently unavailable)
rElec   .          Harm     .   (cloak currently unavailable)
rCorr   .          Rampage  .   (gloves currently unavailable)
Will    .....      NoTele   +   (boots unavailable)
Stlth   ++........              (no amulet)
HPRegen 0.15/turn               (no ring)
MPRegen 0.00/turn               (no ring)

@: tree-form
A: stationary, stasis, torment immunity, boosted hp, sickness immunity, (fire
resistance 2), (cold vulnerability 1), float, innate caster, HP casting, extra
vitality 1
a: no special abilities


You were on level 2 of the Dungeon.
You were a tree.
You visited 1 branch of the dungeon, and saw 2 of its levels.

You collected 46 gold pieces.

Inventory:

Hand Weapons
 d - a +6 club (weapon)
Armour
 b - a +0 robe (melded)
 c - a +0 hat (melded)
 f - a scarf of resistance (melded)
 k - a +0 animal skin
Scrolls
 e - a scroll of teleportation
 j - a scroll of fog {unknown}
Potions
 h - a potion of heal wounds {unknown}


   Skills:
 + Level 0.4 Fighting
 - Level 0.2 Short Blades
 * Level 2.8 Dodging
 + Level 2.0 Stealth
 + Level 3.5 Spellcasting


You couldn't memorise any spells.
You knew the following spells:

 Your Spells              Type           Power      Damage    Failure   Level
a - Magic Dart            Conj           52%        1d5       4%          1
b - Blink                 Tloc           26%        N/A       7%          2
c - Call Imp              Summ           13%        N/A       7%          2
d - Slow                  Hex            52%        N/A       4%          1
e - Conjure Flame         Conj/Fire      13%        6-21      13%         3
f - Mephitic Cloud        Conj/Pois/Air  13%        N/A       13%         3
g - Beastly Appendage     Tmut           26%        N/A       4%          1
Your spell library was empty.

Dungeon Overview and Level Annotations

Branches:
Dungeon (2/15)

Altars:

Annotations:
D:2 Natasha, Terence


Innate Abilities, Weirdness & Mutations

You are a tree.
Your roots penetrate the ground, keeping you stationary.
You cannot be teleported.
You are immune to unholy pain and torment.
Your maximum health is greatly increased.
Your equipment is partially melded.
You are immune to sickness and miasma.
You are immune to poison.
((Your flesh is very heat resistant. (rF++)))
((You are vulnerable to cold. (rC-)))
You float through the air rather than walking.
You learn spells naturally, not from books.
Your magical power is your life essence.
You have superior vitality. (+4 MHP)


Message History

You are too injured to fight recklessly!
You escape the ball python's grasp.
The ball python bites you.
* * * LOW HITPOINT WARNING * * *
The ball python misses you.
You see here a +0 club.
There is an open door here.
Terence completely misses the ball python.
Things that are here:
a +0 dagger; a +0 club; a hobgoblin skeleton
There is a stone staircase leading up here.
Items here: )))) ÷.
Aiming: Magic Dart (safe; 4% risk of failure)
Press: ? - help, Q - select action, (/) - cycle Shift-Dir - straight line, f/p - Terence
Aim: Terence, wielding a +0 trident, wearing a +3 scale mail of fire resistance and carrying a wand of digging (4) (heavily wounded, confused, 100% to hit)
The magic dart hits the ball python.
You kill the ball python!
* * * LOW HITPOINT WARNING * * *
Terence closely misses the frilled lizard.
Aiming: Magic Dart (safe; 4% risk of failure)
Press: ? - help, Q - select action, (/) - cycle Shift-Dir - straight line, f/p - Terence
Aim: Terence, wielding a +0 trident, wearing a +3 scale mail of fire resistance and carrying a wand of digging (4) (heavily wounded, confused, 100% to hit)
The magic dart hits Terence but does no damage.
Terence is heavily wounded.
* * * LOW HITPOINT WARNING * * *
Unknown command.
Really quaff the potion of lignification?
You turn into a tree.
Your scarf of resistance melds into your body.
Your +0 hat melds into your body.
Your +0 robe melds into your body.
You feel hot and cold all over.
Your roots penetrate the ground.
Terence hits you with a +0 trident.
* * * LOW HITPOINT WARNING * * *
Terence hits himself with a +0 trident!
You catch the helpless Terence completely off-guard!
You hit Terence.
Terence is almost dead.
You hit Terence but do no damage.
Terence is almost dead.
Terence hits you with a +0 trident.
You die...

###### ### #....#
#♣# #....# #@#
#....#
#l###....##..
###'##.........
.###..).).........
.......)...........
..##......#######..
..........># .
.....##.....#
..##........#
.....###...........


You could see Terence (confused) and a frilled lizard.

Vanquished Creatures
  Robin (D:2)
  2 adders
  2 dart slugs (D:1)
  3 ball pythons
  2 endoplasms (D:1)
  A giant cockroach (D:2)
  12 goblins
  5 hobgoblins
  A quokka (D:1)
  9 bats
  2 frilled lizards (D:1)
  4 kobolds
  2 rats (D:1)
46 creatures vanquished.

Vanquished Creatures (collateral kills)
  2 hobgoblins (D:1)
  4 jackals (D:1)
  A frilled lizard (D:1)
  2 kobolds (D:1)
9 creatures vanquished.

Grand Total: 55 creatures vanquished

Notes
Turn   | Place    | Note
-------+----------+-------------------------------------------
     0 | D:1      | om the Djinni Hedge Wizard began the quest for the Orb.
     0 | D:1      | om set off with the following spells memorised: Magic Dart,
                  | Blink, Call Imp, Slow, Conjure Flame, Mephitic Cloud.
     0 | D:1      | Reached XP level 1. HP: 15/15 MP: 0/0
   391 | D:1      | Reached XP level 2. HP: 9/21 MP: 0/0
   883 | D:1      | Reached skill level 3 in Spellcasting
   913 | D:1      | HP: 1/21 [hobgoblin (5)]
   917 | D:1      | Reached XP level 3. HP: 2/25 MP: 0/0
   917 | D:1      | Learned a level 1 spell: Beastly Appendage
  1755 | D:1      | Found a faded altar of an unknown god.
  2192 | D:2      | Noticed Natasha
  2249 | D:2      | Reached XP level 4. HP: 13/31 MP: 0/0
  2571 | D:2      | Noticed Robin
  3227 | D:2      | Killed Robin
  3231 | D:2      | Noticed Terence
  3252 | D:2      | Slain by Terence

Illustrated notes

Levels and vault maps discovered:
D:1:      heliophobic_arrival_ceremonial_halls, layout_loops_ring,
          nicolae_ecumenical_lake_church, hangedman_decor_clover_reticule,
          st_stairs_13
D:2:      layout_basic, uniq_robin, uniq_natasha, uniq_terence, uniq_sigmund

Skill      XL: |  1  2  3  4 |
---------------+-------------+-----
Spellcasting   | 3 |  3.5
Stealth        | 2 |  2.0
Fighting       | |  0.4
Short Blades   | |  0.2
Dodging        | |  2.8

Action                   |  1- 3 |  4- 6 || total
-------------------------+-------+-------++-------
Melee: Dagger            |    26 |    23 ||    49
       Club              |       |     7 ||     7
       Headbutt          |       |     5 ||     5
 Cast: Magic Dart        |    58 |    25 ||    83
       Blink             |     2 |       ||     2
       Call Imp          |     2 |       ||     2
       Mephitic Cloud    |       |     3 ||     3
       Beastly Appendage |       |     3 ||     3
  Use: Scroll            |     2 |       ||     2
       Potion            |       |     1 ||     1
 Stab: Sleeping          |     1 |       ||     1
       Confused          |       |     3 ||     3
Armor: Robe              |    11 |    16 ||    27
Dodge: Dodged            |    49 |    33 ||    82
